Tampa Bay Lightning vs Arizona Coyotes
Created - Wednesday, August 28, 2024 at 08:11
Goals
|
| Tampa Bay Lightning |
0 |
1 |
3 |
4 |
| Arizona Coyotes |
0 |
3 |
2 |
5 |
|
Shots
|
| Tampa Bay Lightning |
7 |
11 |
9 |
27 |
| Arizona Coyotes |
15 |
17 |
12 |
44 |
|
1st period
No Goal
Penalties :
Mason McTavish (AZC) for Hooking (Minor) at 15:41
2nd period
1. Arizona Coyotes , Jani Hakanpaa 2 (Mats Zuccarello 4, Charlie Coyle 4) at 12:28 (PP)
2. Tampa Bay Lightning , Travis Konecny 5 (Anze Kopitar 11, Kirill Kaprizov 13) at 12:54 (PP)
3. Arizona Coyotes , Tyler Seguin 2 (Mats Zuccarello 5, Charlie Coyle 5) at 13:02
4. Arizona Coyotes , Charlie Coyle 4 (Mats Zuccarello 6) at 13:56 (PP)
Penalties :
Matt Dumba (AZC) for Tripping (Minor) at 2:50, Michael Matheson (TBL) for Cross-checking (Minor) at 11:12, Radko Gudas (AZC) for Roughing (Minor) at 12:34, Moritz Seider (TBL) for Cross-checking (Minor) at 13:44, Radko Gudas (AZC) for Interference (Minor) at 19:24
3rd period
5. Arizona Coyotes , Tyler Seguin 3 (Mason McTavish 4, Jared Spurgeon 10) at 2:17
6. Tampa Bay Lightning , Travis Konecny 6 (Kirill Kaprizov 14) at 5:10 (PP)
7. Tampa Bay Lightning , Kirill Kaprizov 10 (Anze Kopitar 12, Darnell Nurse 2) at 6:24
8. Arizona Coyotes , Zach Parise 2 (Matt Dumba 1, Ondrej Palat 4) at 12:55
9. Tampa Bay Lightning , Jonathan Huberdeau 5 (Roope Hintz 6, Darnell Nurse 3) at 18:01 (PP)
Penalties :
Kirill Kaprizov (TBL) for Cross-checking (Minor) at 2:24, Anthony Deangelo (AZC) for Tripping (Minor) at 4:48, Moritz Seider (TBL) for Slashing (Minor) at 6:50, Kirill Kaprizov (TBL) for Roughing (Minor) at 10:08, Hampus Lindholm (TBL) for Cross-checking (Minor) at 13:24, Mason McTavish (AZC) for Roughing (Minor) at 17:44, Jani Hakanpaa (AZC) for Hooking (Minor) at 18:50
Goalie Stats
Darcy Kuemper (TBL), 39 saves from 44 shots - (0.886), L, 0-2-0, 58:52 minutes
Carter Hart (AZC), 23 saves from 27 shots - (0.852), W, 1-1-0, 60:00 minutes
Players Stats for Tampa Bay Lightning
Player Name G A P +/- PIM S H SB GA TA FO MP PP MP PK MP
------------------------------------------------------------------------------------
Alexander Kerfoot 0 0 0 0 0 2 2 0 0 0 0/0 11:24 0:00 4:44
Anze Kopitar 0 2 2 0 0 1 0 0 1 1 12/21 17:11 3:59 0:13
Darnell Nurse 0 2 2 1 0 1 1 2 0 0 0/0 19:59 4:12 3:00
Dylan Cozens 0 0 0 -2 0 1 4 3 1 0 3/5 15:04 0:00 4:44
Gustav Nyquist 0 0 0 -2 0 1 0 0 0 0 0/0 10:20 0:00 0:00
Hampus Lindholm 0 0 0 -1 2 0 0 2 0 0 0/0 21:22 4:12 4:29
Jason Dickinson 0 0 0 0 0 1 2 0 0 1 7/12 11:09 0:00 4:27
Johnny Gaudreau 0 0 0 0 0 1 1 0 1 1 0/1 16:26 4:00 0:00
Jonathan Huberdeau 1 0 1 0 0 1 0 0 0 0 0/0 16:56 4:06 0:00
Kirill Kaprizov 1 2 3 0 4 7 2 0 0 0 0/3 16:56 3:59 0:00
Michael Matheson 0 0 0 0 2 2 0 1 1 1 0/0 25:11 3:53 3:57
Moritz Seider 0 0 0 -2 4 0 2 0 0 1 0/0 23:26 3:53 2:52
Roope Hintz 0 1 1 0 0 3 0 0 0 1 9/19 16:26 4:00 0:00
Ryan Graves 0 0 0 -1 0 0 1 2 0 1 0/0 17:04 0:00 4:11
TJ Brodie 0 0 0 -1 0 0 0 1 0 0 0/0 12:56 0:00 0:19
Travis Konecny 2 0 2 0 0 4 0 0 1 0 2/2 16:51 3:59 0:13
Trevor Moore 0 0 0 0 0 1 1 0 0 1 0/1 11:19 0:06 4:27
Tyler Toffoli 0 0 0 -2 0 1 1 0 0 0 0/0 10:30 0:06 0:00
Players Stats for Arizona Coyotes
Player Name G A P +/- PIM S H SB GA TA FO MP PP MP PK MP
------------------------------------------------------------------------------------
Anthony Deangelo 0 0 0 1 2 1 0 1 0 0 0/0 11:19 0:00 1:38
Brandon Tanev 0 0 0 0 0 2 2 0 0 0 0/0 14:44 3:40 0:28
Brayden McNabb 0 0 0 -1 0 1 0 0 0 0 0/0 23:25 4:46 3:56
Charlie Coyle 1 2 3 0 0 7 0 1 0 1 21/35 21:54 5:44 4:02
Erik Haula 0 0 0 0 0 1 0 0 2 1 0/0 14:16 3:40 0:00
Jakob Silfverberg 0 0 0 0 0 0 0 0 0 0 0/0 7:28 0:00 0:00
Jani Hakanpaa 1 0 1 2 2 4 1 2 0 0 0/0 26:26 4:38 3:43
Jared Spurgeon 0 1 1 2 0 2 0 4 0 1 0/0 26:53 4:38 4:09
Mark Jankowski 0 0 0 0 0 1 0 1 0 0 1/3 7:28 0:00 0:00
Mason McTavish 0 1 1 1 4 5 3 0 0 0 4/10 17:44 3:37 2:34
Mats Zuccarello 0 3 3 0 0 4 3 1 0 0 0/2 21:54 5:44 4:02
Matt Dumba 0 1 1 1 2 1 0 0 0 0 0/0 10:08 0:00 0:00
Ondrej Palat 0 1 1 0 0 1 1 0 1 0 0/1 7:28 0:00 0:00
Radko Gudas 0 0 0 0 4 0 1 1 1 1 0/0 23:05 4:46 2:44
Ross Colton 0 0 0 1 0 5 2 0 1 1 4/8 11:11 0:15 0:00
Ryan Donato 0 0 0 1 0 1 4 0 3 0 0/1 11:33 0:00 0:13
Tyler Seguin 2 0 2 1 0 4 1 0 0 0 1/4 22:53 5:32 3:50
Zach Parise 1 0 1 1 0 4 0 0 0 0 0/0 11:59 0:00 1:01
3 Stars
1 - Tyler Seguin (AZC)
2 - Charlie Coyle (AZC)
3 - Mats Zuccarello (AZC)
Power Play
Tampa Bay Lightning - 3 on 7 Attempt(s) - 42.86%
Arizona Coyotes - 2 on 6 Attempt(s) - 33.33%
Penalty Kill
Tampa Bay Lightning - 4 on 6 Attempt(s) - 66.67%
- Score 0 goal in Penalty Kill
Arizona Coyotes - 4 on 7 Attempt(s) - 57.14%
- Score 0 goal in Penalty Kill
Team Stat
Tampa Bay Lightning - Hits : 17 - Faceoff Wins : 33 - Blocked Shots : 11 - Penalty Minutes : 12
Arizona Coyotes - Hits : 18 - Faceoff Wins : 31 - Blocked Shots : 11 - Penalty Minutes : 14
Official
Referees : Brian Pochmara and Corey Syvret
Linesman : Jesse Marquis and Brad Kovachik
Game Notes
18:01 of 3rd period - Tampa Bay Lightning goal is going for a video replay. After video review, Goal.
Finance
Level 1 -- Attendance: 5611 (93.52%) -- Ticket Income $533,045
Level 2 -- Attendance: 5000 (100.00%) -- Ticket Income $275,000
Level 3 -- Attendance: 2852 (95.07%) -- Ticket Income $91,264
Level 4 -- Attendance: 4475 (89.50%) -- Ticket Income $98,450
Luxury Box -- Attendance: 855 (85.50%) -- Ticket Income $166,725
Game was played at the Gila River Arena.
Total Attendance: 18793 (93.97%)
Total Ticket Income: $1,164,484
Other Income: $407,569
Total Income: $1,572,053
Tampa Bay Lightning
5 vs 5 Forward
Center Left Wing Right Wing Time % Phy DF OF
1 Anze Kopitar Kirill Kaprizov Jonathan Huberdeau 30 1 2 2
2 Roope Hintz Johnny Gaudreau Travis Konecny 30 1 2 2
3 Dylan Cozens Tyler Toffoli Gustav Nyquist 25 1 2 2
4 Jason Dickinson Trevor Moore Alexander Kerfoot 15 1 2 2
5 vs 5 Defense
Defense Defense Time % Phy DF OF
1 Moritz Seider Hampus Lindholm 30 1 2 2
2 Michael Matheson Darnell Nurse 30 1 2 2
3 TJ Brodie Ryan Graves 25 1 2 2
4 Moritz Seider Michael Matheson 15 1 2 2
PowerPlay Forward
Center Left Wing Right Wing Time % Phy DF OF
1 Roope Hintz Johnny Gaudreau Jonathan Huberdeau 50 1 2 2
2 Anze Kopitar Kirill Kaprizov Travis Konecny 50 1 2 2
PowerPlay Defense
Defense Defense Time % Phy DF OF
1 Michael Matheson Moritz Seider 50 1 2 2
2 Darnell Nurse Hampus Lindholm 50 1 2 2
Penalty Kill 4 Players Forward
Center Wing Time % Phy DF OF
1 Jason Dickinson Trevor Moore 50 1 2 2
2 Dylan Cozens Alexander Kerfoot 50 1 2 2
Penalty Kill 4 Players Defense
Defense Defense Time % Phy DF OF
1 Moritz Seider Ryan Graves 50 1 2 2
2 Michael Matheson Hampus Lindholm 50 1 2 2
Penalty Kill - 3 Players Forward
Forward Time % Phy DF OF
1 Anze Kopitar 50 1 2 2
2 Jason Dickinson 50 1 2 2
Penalty Kill - 3 Players Defense
Defense Defense Time % Phy DF OF
1 Michael Matheson Ryan Graves 50 1 2 2
2 Moritz Seider TJ Brodie 50 1 2 2
4 vs 4 Forward
Center Wing Time % Phy DF OF
1 Anze Kopitar Kirill Kaprizov 50 1 2 2
2 Dylan Cozens Travis Konecny 50 1 2 2
4 vs 4 Defense
Defense Defense Time % Phy DF OF
1 Michael Matheson TJ Brodie 50 1 2 2
2 Moritz Seider Ryan Graves 50 1 2 2
Last Minutes Offensive
Center Left Wing Right Wing Defense Defense
Anze Kopitar Kirill Kaprizov Travis Konecny Michael Matheson Moritz Seider
Last Minutes Defensive
Center Left Wing Right Wing Defense Defense
Anze Kopitar Jason Dickinson Alexander Kerfoot Moritz Seider Michael Matheson
Goaltenders
Starting : Darcy Kuemper
Backup : Jeremy Swayman
Extra Forwards
Normal : Travis Konecny, Tyler Toffoli, Trevor Moore - PP : Tyler Toffoli, Trevor Moore - PK : Anze Kopitar
Extra Defensemen
Normal : Michael Matheson, Moritz Seider, TJ Brodie - PP : TJ Brodie - PK : Darnell Nurse, TJ Brodie
Penalty Shots
Trevor Moore, Gustav Nyquist, Alexander Kerfoot, Anze Kopitar, Jonathan Huberdeau
Scratches
None
Arizona Coyotes
5 vs 5 Forward
Center Left Wing Right Wing Time % Phy DF OF
1 Charlie Coyle Mats Zuccarello Tyler Seguin 40 0 2 3
2 Mason McTavish Erik Haula Brandon Tanev 30 0 2 3
3 Ross Colton Zach Parise Ryan Donato 25 0 2 3
4 Mark Jankowski Jakob Silfverberg Ondrej Palat 5 0 2 3
5 vs 5 Defense
Defense Defense Time % Phy DF OF
1 Jared Spurgeon Jani Hakanpaa 40 1 2 2
2 Radko Gudas Brayden McNabb 35 1 2 2
3 Matt Dumba Anthony Deangelo 25 1 2 2
4 Jared Spurgeon Jani Hakanpaa 0 1 2 2
PowerPlay Forward
Center Left Wing Right Wing Time % Phy DF OF
1 Charlie Coyle Mats Zuccarello Tyler Seguin 55 0 2 3
2 Mason McTavish Erik Haula Brandon Tanev 45 1 2 2
PowerPlay Defense
Defense Defense Time % Phy DF OF
1 Jared Spurgeon Jani Hakanpaa 50 1 2 2
2 Radko Gudas Brayden McNabb 50 1 2 2
Penalty Kill 4 Players Forward
Center Wing Time % Phy DF OF
1 Charlie Coyle Mats Zuccarello 50 1 2 2
2 Tyler Seguin Mason McTavish 50 1 2 2
Penalty Kill 4 Players Defense
Defense Defense Time % Phy DF OF
1 Jared Spurgeon Jani Hakanpaa 50 1 3 1
2 Radko Gudas Brayden McNabb 50 1 3 1
Penalty Kill - 3 Players Forward
Forward Time % Phy DF OF
1 Charlie Coyle 50 1 2 2
2 Mats Zuccarello 50 1 2 2
Penalty Kill - 3 Players Defense
Defense Defense Time % Phy DF OF
1 Anthony Deangelo Matt Dumba 50 1 2 2
2 Radko Gudas Brayden McNabb 50 1 2 2
4 vs 4 Forward
Center Wing Time % Phy DF OF
1 Charlie Coyle Mats Zuccarello 50 1 2 2
2 Tyler Seguin Mason McTavish 50 1 2 2
4 vs 4 Defense
Defense Defense Time % Phy DF OF
1 Jared Spurgeon Jani Hakanpaa 50 1 2 2
2 Radko Gudas Brayden McNabb 50 1 2 2
Last Minutes Offensive
Center Left Wing Right Wing Defense Defense
Charlie Coyle Mats Zuccarello Tyler Seguin Jared Spurgeon Jani Hakanpaa
Last Minutes Defensive
Center Left Wing Right Wing Defense Defense
Charlie Coyle Mats Zuccarello Tyler Seguin Jared Spurgeon Jani Hakanpaa
Goaltenders
Starting : Carter Hart
Backup : Petr Mrazek
Extra Forwards
Normal : Ross Colton, Ryan Donato, Zach Parise - PP : Ross Colton, Ryan Donato - PK : Zach Parise
Extra Defensemen
Normal : Jared Spurgeon, Anthony Deangelo, Radko Gudas - PP : Jani Hakanpaa - PK : Anthony Deangelo, Radko Gudas
Penalty Shots
Charlie Coyle, Mats Zuccarello, Tyler Seguin, Mason McTavish, Erik Haula
Scratches
Jayden Struble (Healthy), Scott Reedy (Healthy), Corson Ceulemans (Healthy), Elvis Merzlikins (Healthy)
% Time on Ice - Tampa Bay Lightning
Lines # - Real PCT - Wanted PCT - Time Play
Normal Forward
1 - 30% - 30% - 12:52
2 - 30% - 30% - 12:39
3 - 24% - 25% - 10:20
4 - 16% - 15% - 6:40
Normal Defense
1 - 30% - 30% - 12:49
2 - 31% - 30% - 13:11
3 - 30% - 25% - 12:37
4 - 9% - 15% - 3:54
PP Forward
1 - 51% - 50% - 4:06
2 - 49% - 50% - 3:59
PP Defense
1 - 48% - 50% - 3:53
2 - 52% - 50% - 4:12
PK Forward
1 - 47% - 50% - 4:27
2 - 53% - 50% - 4:57
PK Defense
1 - 45% - 50% - 4:11
2 - 55% - 50% - 5:13
PK3 Forward
1 - 0% - 50%
2 - 0% - 50%
PK3 Defense
1 - 0% - 50%
2 - 0% - 50%
44 Forward
1 - 0% - 50%
2 - 0% - 50%
44 Defense
1 - 0% - 50%
2 - 0% - 50%
Last Minute Offensive - 0:00
Last Minute Defensive - 0:00
Total
Forward - 60:00
Defense - 60:00
|
% Time on Ice - Arizona Coyotes
Lines # - Real PCT - Wanted PCT - Time Play
Normal Forward
1 - 29% - 40% - 12:08
2 - 28% - 30% - 11:59
3 - 26% - 25% - 10:56
4 - 18% - 5% - 7:28
Normal Defense
1 - 42% - 40% - 17:39
2 - 35% - 35% - 14:43
3 - 23% - 25% - 9:42
4 - 1% - 0% - 0:27
PP Forward
1 - 61% - 55% - 5:44
2 - 39% - 45% - 3:40
PP Defense
1 - 49% - 50% - 4:38
2 - 51% - 50% - 4:46
PK Forward
1 - 50% - 50% - 4:02
2 - 50% - 50% - 4:03
PK Defense
1 - 51% - 50% - 4:09
2 - 49% - 50% - 3:56
PK3 Forward
1 - 0% - 50%
2 - 0% - 50%
PK3 Defense
1 - 0% - 50%
2 - 0% - 50%
44 Forward
1 - 0% - 50%
2 - 0% - 50%
44 Defense
1 - 0% - 50%
2 - 0% - 50%
Last Minute Offensive - 0:00
Last Minute Defensive - 0:00
Total
Forward - 60:00
Defense - 60:00
|
Play-by-Play
1st period
0:01 of 1st period - Charlie Coyle wins face-off versus Anze Kopitar in neutral zone.
0:04 of 1st period - Wrist shot by Tyler Seguin.
0:04 of 1st period - Shot Misses the Net.
0:06 of 1st period - Wrist shot by Tyler Seguin.
0:06 of 1st period - Stopped by Darcy Kuemper without a rebound.
0:07 of 1st period - Charlie Coyle wins face-off versus Anze Kopitar in Tampa Bay Lightning zone.
0:14 of 1st period - Wrist shot by Mats Zuccarello.
0:14 of 1st period - Shot Misses the Net.
0:35 of 1st period - Slapshot by Kirill Kaprizov.
0:35 of 1st period - Shot Blocked by Charlie Coyle.
0:51 of 1st period - Anze Kopitar is hit by Tyler Seguin and loses puck.
1:20 of 1st period - Snap shot by Kirill Kaprizov.
1:20 of 1st period - Shot Misses the Net.
1:23 of 1st period - Icing by Jared Spurgeon.
1:24 of 1st period - Charlie Coyle wins face-off versus Roope Hintz in Arizona Coyotes zone.
1:29 of 1st period - Roope Hintz is hit by Mats Zuccarello and loses puck.
1:48 of 1st period - Wrist shot by Mats Zuccarello.
1:48 of 1st period - Stopped by Darcy Kuemper with a rebound.
1:54 of 1st period - Wrist shot by Charlie Coyle.
1:54 of 1st period - Stopped by Darcy Kuemper with a rebound.
1:56 of 1st period - Slapshot by Jared Spurgeon.
1:56 of 1st period - Shot Blocked by Darnell Nurse.
1:58 of 1st period - Wrist shot by Jani Hakanpaa.
1:58 of 1st period - Deflect By Tyler Seguin.
1:58 of 1st period - Shot Misses the Net.
1:58 of 1st period - Puck is out of play.
1:59 of 1st period - Dylan Cozens wins face-off versus Mason McTavish in Tampa Bay Lightning zone.
1:59 of 1st period - Dylan Cozens is hit by Radko Gudas.
2:14 of 1st period - Mason McTavish is hit by Ryan Graves and loses puck.
2:27 of 1st period - Ryan Donato is hit by Jason Dickinson and loses puck.
3:32 of 1st period - Wrist shot by Kirill Kaprizov.
3:32 of 1st period - Shot Misses the Net.
3:34 of 1st period - Wrist shot by Michael Matheson.
3:34 of 1st period - Stopped by Carter Hart with a rebound.
3:36 of 1st period - Slapshot by Michael Matheson.
3:36 of 1st period - Stopped by Carter Hart with a rebound.
3:46 of 1st period - Darnell Nurse is hit by Brandon Tanev and loses puck.
4:21 of 1st period - Ross Colton is hit by Dylan Cozens and loses puck.
4:27 of 1st period - Icing by Matt Dumba.
4:28 of 1st period - Jason Dickinson wins face-off versus Ross Colton in Arizona Coyotes zone.
4:59 of 1st period - Wrist shot by Mason McTavish.
4:59 of 1st period - Stopped by Darcy Kuemper with a rebound.
5:01 of 1st period - Slapshot by Matt Dumba.
5:01 of 1st period - Shot Blocked by Michael Matheson.
5:03 of 1st period - Slapshot by Matt Dumba.
5:03 of 1st period - Shot Blocked by Darnell Nurse.
5:31 of 1st period - Slapshot by Tyler Toffoli.
5:31 of 1st period - Stopped by Carter Hart with a rebound.
6:22 of 1st period - Off-side.
6:23 of 1st period - Ross Colton wins face-off versus Anze Kopitar in neutral zone.
6:30 of 1st period - Ryan Graves is hit by Ryan Donato and loses puck.
6:49 of 1st period - Jared Spurgeon is hit by Alexander Kerfoot.
6:59 of 1st period - Snap shot by Ross Colton.
6:59 of 1st period - Stopped by Darcy Kuemper with a rebound.
7:11 of 1st period - TJ Brodie is hit by Ross Colton and loses puck.
7:38 of 1st period - Wrist shot by Zach Parise.
7:38 of 1st period - Shot Misses the Net.
7:40 of 1st period - Slapshot by Zach Parise.
7:40 of 1st period - Stopped by Darcy Kuemper with a rebound.
7:42 of 1st period - Snap shot by Jared Spurgeon.
7:42 of 1st period - Shot Misses the Net.
7:44 of 1st period - Backhand shot by Jani Hakanpaa.
7:44 of 1st period - Shot Blocked by TJ Brodie.
7:46 of 1st period - Slapshot by Jani Hakanpaa.
7:46 of 1st period - Stopped by Darcy Kuemper with a rebound.
7:48 of 1st period - Snap shot by Jani Hakanpaa.
7:48 of 1st period - Stopped by Darcy Kuemper with a rebound.
7:50 of 1st period - Wrist shot by Jani Hakanpaa.
7:50 of 1st period - Stopped by Darcy Kuemper with a rebound.
7:58 of 1st period - Slapshot by Ryan Donato.
7:58 of 1st period - Stopped by Darcy Kuemper without a rebound.
7:59 of 1st period - Mason McTavish wins face-off versus Roope Hintz in Tampa Bay Lightning zone.
8:34 of 1st period - Slapshot by Jason Dickinson.
8:34 of 1st period - Shot Hit the Post.
8:46 of 1st period - Wrist shot by Tyler Toffoli.
8:46 of 1st period - Deflect By Jani Hakanpaa.
8:46 of 1st period - Shot Blocked by Mark Jankowski.
8:46 of 1st period - Puck is out of play.
8:47 of 1st period - Dylan Cozens wins face-off versus Mark Jankowski in Arizona Coyotes zone.
8:54 of 1st period - Slapshot by Gustav Nyquist.
8:54 of 1st period - Stopped by Carter Hart without a rebound.
8:55 of 1st period - Mason McTavish wins face-off versus Roope Hintz in Arizona Coyotes zone.
9:06 of 1st period - Wrist shot by Roope Hintz.
9:06 of 1st period - Shot Hit the Post.
9:08 of 1st period - Wrist shot by Roope Hintz.
9:08 of 1st period - Shot Blocked by Jared Spurgeon.
9:10 of 1st period - Wrist shot by Roope Hintz.
9:10 of 1st period - Shot Misses the Net.
9:12 of 1st period - Snap shot by Johnny Gaudreau.
9:12 of 1st period - Shot Misses the Net.
9:28 of 1st period - Wrist shot by Charlie Coyle.
9:28 of 1st period - Stopped by Darcy Kuemper without a rebound.
9:29 of 1st period - Charlie Coyle wins face-off versus Kirill Kaprizov in Tampa Bay Lightning zone.
9:46 of 1st period - Snap shot by Kirill Kaprizov.
9:46 of 1st period - Stopped by Carter Hart without a rebound.
9:47 of 1st period - Travis Konecny wins face-off versus Mason McTavish in Arizona Coyotes zone.
9:48 of 1st period - Snap shot by Roope Hintz.
9:48 of 1st period - Shot Misses the Net.
9:58 of 1st period - Off-side.
9:59 of 1st period - Roope Hintz wins face-off versus Charlie Coyle in neutral zone.
10:26 of 1st period - Jared Spurgeon is hit by Dylan Cozens and loses puck.
11:13 of 1st period - Snap shot by Travis Konecny.
11:13 of 1st period - Stopped by Carter Hart with a rebound.
11:15 of 1st period - Slapshot by Travis Konecny.
11:15 of 1st period - Shot Misses the Net.
11:17 of 1st period - Wrist shot by Travis Konecny.
11:17 of 1st period - Stopped by Carter Hart with a rebound.
11:50 of 1st period - Brandon Tanev is hit by Dylan Cozens and loses puck.
11:59 of 1st period - Slapshot by Mason McTavish.
11:59 of 1st period - Stopped by Darcy Kuemper with a rebound.
13:29 of 1st period - Snap shot by Kirill Kaprizov.
13:29 of 1st period - Shot Blocked by Radko Gudas.
13:36 of 1st period - Off-side.
13:37 of 1st period - Roope Hintz wins face-off versus Charlie Coyle in neutral zone.
13:54 of 1st period - Wrist shot by Mats Zuccarello.
13:54 of 1st period - Deflect By Charlie Coyle.
13:54 of 1st period - Stopped by Darcy Kuemper with a rebound.
14:16 of 1st period - Snap shot by Anze Kopitar.
14:16 of 1st period - Shot Misses the Net.
14:26 of 1st period - Tyler Toffoli is hit by Ryan Donato and loses puck.
14:31 of 1st period - Snap shot by Ryan Donato.
14:31 of 1st period - Shot Misses the Net.
14:49 of 1st period - Mats Zuccarello is hit by Jason Dickinson and loses puck.
15:00 of 1st period - Wrist shot by Trevor Moore.
15:00 of 1st period - Shot Misses the Net.
15:22 of 1st period - Slapshot by Mark Jankowski.
15:22 of 1st period - Shot Misses the Net.
15:34 of 1st period - Snap shot by Erik Haula.
15:34 of 1st period - Shot Misses the Net.
15:36 of 1st period - Slapshot by Radko Gudas.
15:36 of 1st period - Shot Misses the Net.
15:38 of 1st period - Slapshot by Brayden McNabb.
15:38 of 1st period - Stopped by Darcy Kuemper with a rebound.
15:40 of 1st period - Snap shot by Mason McTavish.
15:40 of 1st period - Deflect By Brandon Tanev.
15:40 of 1st period - Stopped by Darcy Kuemper with a rebound.
15:41 of 1st period - Minor Penalty to Mason McTavish for Hooking.
15:42 of 1st period - Charlie Coyle wins face-off versus Roope Hintz in Arizona Coyotes zone.
17:41 of 1st period - Penalty to Mason McTavish is over, Mason McTavish is back on ice.
17:53 of 1st period - Matt Dumba is hit by Darnell Nurse.
18:09 of 1st period - Backhand shot by Alexander Kerfoot.
18:09 of 1st period - Shot Misses the Net.
18:11 of 1st period - Snap shot by Jason Dickinson.
18:11 of 1st period - Shot Misses the Net.
18:59 of 1st period - Wrist shot by Jakob Silfverberg.
18:59 of 1st period - Shot Blocked by Ryan Graves.
19:19 of 1st period - Jason Dickinson is hit by Mason McTavish and loses puck.
19:52 of 1st period - Zach Parise is hit by Moritz Seider and loses puck.
Goals for this period are 0 for Tampa Bay Lightning vs 0 for Arizona Coyotes.
Shots for this period are 7 for Tampa Bay Lightning vs 15 for Arizona Coyotes.
2nd period
0:01 of 2nd period - Anze Kopitar wins face-off versus Charlie Coyle in neutral zone.
0:04 of 2nd period - Wrist shot by Anze Kopitar.
0:04 of 2nd period - Shot Blocked by Jared Spurgeon.
0:39 of 2nd period - Snap shot by Brandon Tanev.
0:39 of 2nd period - Stopped by Darcy Kuemper without a rebound.
0:40 of 2nd period - Ross Colton wins face-off versus Roope Hintz in Tampa Bay Lightning zone.
0:46 of 2nd period - Icing by Darnell Nurse.
0:47 of 2nd period - Roope Hintz wins face-off versus Ross Colton in Tampa Bay Lightning zone.
1:42 of 2nd period - Slapshot by Zach Parise.
1:42 of 2nd period - Shot Misses the Net.
1:58 of 2nd period - Snap shot by Roope Hintz.
1:58 of 2nd period - Stopped by Carter Hart without a rebound.
1:59 of 2nd period - Charlie Coyle wins face-off versus Anze Kopitar in Arizona Coyotes zone.
2:26 of 2nd period - Gustav Nyquist is hit by Mason McTavish and loses puck.
2:48 of 2nd period - Wrist shot by Trevor Moore.
2:48 of 2nd period - Stopped by Carter Hart with a rebound.
2:50 of 2nd period - Minor Penalty to Matt Dumba for Tripping.
2:51 of 2nd period - Anze Kopitar wins face-off versus Charlie Coyle in Arizona Coyotes zone.
4:50 of 2nd period - Penalty to Matt Dumba is over, Matt Dumba is back on ice.
5:00 of 2nd period - Wrist shot by Alexander Kerfoot.
5:00 of 2nd period - Stopped by Carter Hart with a rebound.
5:02 of 2nd period - Snap shot by Trevor Moore.
5:02 of 2nd period - Shot Misses the Net.
5:04 of 2nd period - Snap shot by Jason Dickinson.
5:04 of 2nd period - Shot Misses the Net.
5:08 of 2nd period - Snap shot by Trevor Moore.
5:08 of 2nd period - Shot Misses the Net.
5:10 of 2nd period - Snap shot by Trevor Moore.
5:10 of 2nd period - Shot Misses the Net.
5:32 of 2nd period - Snap shot by Ross Colton.
5:32 of 2nd period - Stopped by Darcy Kuemper with a rebound.
6:10 of 2nd period - Snap shot by Mark Jankowski.
6:10 of 2nd period - Stopped by Darcy Kuemper without a rebound.
6:11 of 2nd period - Jason Dickinson wins face-off versus Ryan Donato in Tampa Bay Lightning zone.
6:49 of 2nd period - Ondrej Palat is hit by Moritz Seider and loses puck.
6:53 of 2nd period - Icing by Mark Jankowski.
6:54 of 2nd period - Anze Kopitar wins face-off versus Mark Jankowski in Arizona Coyotes zone.
7:25 of 2nd period - Charlie Coyle is hit by Johnny Gaudreau.
8:33 of 2nd period - Snap shot by Jason Dickinson.
8:33 of 2nd period - Stopped by Carter Hart without a rebound.
8:34 of 2nd period - Mason McTavish wins face-off versus Roope Hintz in Arizona Coyotes zone.
8:36 of 2nd period - Icing by Erik Haula.
8:37 of 2nd period - Roope Hintz wins face-off versus Mason McTavish in Arizona Coyotes zone.
8:38 of 2nd period - Wrist shot by Johnny Gaudreau.
8:38 of 2nd period - Stopped by Carter Hart with a rebound.
8:46 of 2nd period - Wrist shot by Travis Konecny.
8:46 of 2nd period - Shot Misses the Net.
9:17 of 2nd period - Anze Kopitar is hit by Mats Zuccarello and loses puck.
10:09 of 2nd period - Off-side.
10:10 of 2nd period - Roope Hintz wins face-off versus Mason McTavish in neutral zone.
10:34 of 2nd period - Roope Hintz is hit by Mason McTavish and loses puck.
10:45 of 2nd period - Slapshot by Brandon Tanev.
10:45 of 2nd period - Shot Misses the Net.
10:47 of 2nd period - Slapshot by Matt Dumba.
10:47 of 2nd period - Shot Blocked by Ryan Graves.
10:49 of 2nd period - Wrist shot by Erik Haula.
10:49 of 2nd period - Shot Misses the Net.
11:09 of 2nd period - Snap shot by Erik Haula.
11:09 of 2nd period - Stopped by Darcy Kuemper without a rebound.
11:10 of 2nd period - Anze Kopitar wins face-off versus Charlie Coyle in Tampa Bay Lightning zone.
11:12 of 2nd period - Minor Penalty to Michael Matheson for Cross-checking.
11:13 of 2nd period - Jason Dickinson wins face-off versus Mats Zuccarello in Tampa Bay Lightning zone.
12:02 of 2nd period - Snap shot by Tyler Seguin.
12:02 of 2nd period - Shot Blocked by Hampus Lindholm.
12:04 of 2nd period - Wrist shot by Charlie Coyle.
12:04 of 2nd period - Shot Blocked by Dylan Cozens.
12:06 of 2nd period - Slapshot by Jani Hakanpaa.
12:06 of 2nd period - Shot Blocked by Hampus Lindholm.
12:08 of 2nd period - Slapshot by Jared Spurgeon.
12:08 of 2nd period - Stopped by Darcy Kuemper with a rebound.
12:10 of 2nd period - Slapshot by Jared Spurgeon.
12:10 of 2nd period - Stopped by Darcy Kuemper with a rebound.
12:12 of 2nd period - Slapshot by Jared Spurgeon.
12:12 of 2nd period - Shot Misses the Net.
12:26 of 2nd period - Slapshot by Mats Zuccarello.
12:26 of 2nd period - Shot Misses the Net.
12:28 of 2nd period - Slapshot by Jani Hakanpaa.
12:28 of 2nd period - Goal by Jani Hakanpaa - Tampa Bay Lightning : 0 - Arizona Coyotes : 1.
12:29 of 2nd period - Anze Kopitar wins face-off versus Mason McTavish in neutral zone.
12:32 of 2nd period - Wrist shot by Kirill Kaprizov.
12:32 of 2nd period - Stopped by Carter Hart with a rebound.
12:34 of 2nd period - Minor Penalty to Radko Gudas for Roughing.
12:35 of 2nd period - Anze Kopitar wins face-off versus Tyler Seguin in Arizona Coyotes zone.
12:36 of 2nd period - Slapshot by Kirill Kaprizov.
12:36 of 2nd period - Shot Misses the Net.
12:38 of 2nd period - Slapshot by Anze Kopitar.
12:38 of 2nd period - Stopped by Carter Hart without a rebound.
12:39 of 2nd period - Anze Kopitar wins face-off versus Tyler Seguin in Arizona Coyotes zone.
12:54 of 2nd period - Wrist shot by Travis Konecny.
12:54 of 2nd period - Goal by Travis Konecny - Tampa Bay Lightning : 1 - Arizona Coyotes : 1.
12:55 of 2nd period - Charlie Coyle wins face-off versus Anze Kopitar in neutral zone.
13:00 of 2nd period - Slapshot by Tyler Seguin.
13:00 of 2nd period - Stopped by Darcy Kuemper with a rebound.
13:02 of 2nd period - Slapshot by Tyler Seguin.
13:02 of 2nd period - Goal by Tyler Seguin - Tampa Bay Lightning : 1 - Arizona Coyotes : 2.
13:03 of 2nd period - Charlie Coyle wins face-off versus Kirill Kaprizov in neutral zone.
13:12 of 2nd period - Tyler Seguin is hit by Kirill Kaprizov and loses puck.
13:44 of 2nd period - Minor Penalty to Moritz Seider for Cross-checking.
13:45 of 2nd period - Charlie Coyle wins face-off versus Jason Dickinson in Tampa Bay Lightning zone.
13:54 of 2nd period - Wrist shot by Charlie Coyle.
13:54 of 2nd period - Stopped by Darcy Kuemper with a rebound.
13:56 of 2nd period - Slapshot by Charlie Coyle.
13:56 of 2nd period - Goal by Charlie Coyle - Tampa Bay Lightning : 1 - Arizona Coyotes : 3.
13:57 of 2nd period - Anze Kopitar wins face-off versus Mats Zuccarello in neutral zone.
15:03 of 2nd period - Johnny Gaudreau is hit by Ondrej Palat and loses puck.
15:26 of 2nd period - Snap shot by Ryan Donato.
15:26 of 2nd period - Shot Blocked by Dylan Cozens.
15:28 of 2nd period - Snap shot by Anthony Deangelo.
15:28 of 2nd period - Stopped by Darcy Kuemper with a rebound.
15:30 of 2nd period - Wrist shot by Zach Parise.
15:30 of 2nd period - Shot Misses the Net.
15:32 of 2nd period - Snap shot by Zach Parise.
15:32 of 2nd period - Stopped by Darcy Kuemper without a rebound.
15:33 of 2nd period - Charlie Coyle wins face-off versus Roope Hintz in Tampa Bay Lightning zone.
15:38 of 2nd period - Snap shot by Charlie Coyle.
15:38 of 2nd period - Stopped by Darcy Kuemper with a rebound.
15:50 of 2nd period - Snap shot by Travis Konecny.
15:50 of 2nd period - Shot Blocked by Jani Hakanpaa.
16:00 of 2nd period - Mats Zuccarello is hit by Trevor Moore.
17:25 of 2nd period - Slapshot by Mason McTavish.
17:25 of 2nd period - Stopped by Darcy Kuemper with a rebound.
17:27 of 2nd period - Wrist shot by Erik Haula.
17:27 of 2nd period - Shot Misses the Net.
17:29 of 2nd period - Slapshot by Matt Dumba.
17:29 of 2nd period - Stopped by Darcy Kuemper with a rebound.
17:41 of 2nd period - Ryan Graves is hit by Ryan Donato and loses puck.
18:05 of 2nd period - Wrist shot by Roope Hintz.
18:05 of 2nd period - Stopped by Carter Hart with a rebound.
18:07 of 2nd period - Slapshot by Hampus Lindholm.
18:07 of 2nd period - Deflect By Roope Hintz.
18:07 of 2nd period - Shot Blocked by Anthony Deangelo.
18:07 of 2nd period - Puck is out of play.
18:08 of 2nd period - Anze Kopitar wins face-off versus Charlie Coyle in Arizona Coyotes zone.
18:11 of 2nd period - Wrist shot by Kirill Kaprizov.
18:11 of 2nd period - Stopped by Carter Hart without a rebound.
18:12 of 2nd period - Charlie Coyle wins face-off versus Anze Kopitar in Arizona Coyotes zone.
18:19 of 2nd period - Slapshot by Charlie Coyle.
18:19 of 2nd period - Deflect By Mats Zuccarello.
18:19 of 2nd period - Shot Misses the Net.
18:19 of 2nd period - Puck is out of play.
18:20 of 2nd period - Anze Kopitar wins face-off versus Charlie Coyle in Tampa Bay Lightning zone.
18:56 of 2nd period - Slapshot by Roope Hintz.
18:56 of 2nd period - Shot Blocked by Jared Spurgeon.
19:14 of 2nd period - Snap shot by Ross Colton.
19:14 of 2nd period - Stopped by Darcy Kuemper without a rebound.
19:15 of 2nd period - Jason Dickinson wins face-off versus Ross Colton in Tampa Bay Lightning zone.
19:22 of 2nd period - Slapshot by Alexander Kerfoot.
19:22 of 2nd period - Stopped by Carter Hart with a rebound.
19:24 of 2nd period - Minor Penalty to Radko Gudas for Interference.
19:25 of 2nd period - Charlie Coyle wins face-off versus Roope Hintz in Arizona Coyotes zone.
Goals for this period are 1 for Tampa Bay Lightning vs 3 for Arizona Coyotes.
Shots for this period are 11 for Tampa Bay Lightning vs 17 for Arizona Coyotes.
3rd period
0:01 of 3rd period - Roope Hintz wins face-off versus Charlie Coyle in neutral zone.
1:24 of 3rd period - Penalty to Radko Gudas is over, Radko Gudas is back on ice.
1:50 of 3rd period - Jared Spurgeon is hit by Dylan Cozens and loses puck.
2:03 of 3rd period - Wrist shot by Mason McTavish.
2:03 of 3rd period - Stopped by Darcy Kuemper with a rebound.
2:17 of 3rd period - Snap shot by Tyler Seguin.
2:17 of 3rd period - Goal by Tyler Seguin - Tampa Bay Lightning : 1 - Arizona Coyotes : 4.
2:18 of 3rd period - Ross Colton wins face-off versus Anze Kopitar in neutral zone.
2:24 of 3rd period - Minor Penalty to Kirill Kaprizov for Cross-checking.
2:25 of 3rd period - Charlie Coyle wins face-off versus Jason Dickinson in Tampa Bay Lightning zone.
2:50 of 3rd period - Moritz Seider is hit by Brandon Tanev and loses puck.
3:54 of 3rd period - Jason Dickinson is hit by Mats Zuccarello and loses puck.
4:24 of 3rd period - Penalty to Kirill Kaprizov is over, Kirill Kaprizov is back on ice.
4:39 of 3rd period - Wrist shot by Ondrej Palat.
4:39 of 3rd period - Stopped by Darcy Kuemper without a rebound.
4:40 of 3rd period - Mark Jankowski wins face-off versus Roope Hintz in Tampa Bay Lightning zone.
4:48 of 3rd period - Minor Penalty to Anthony Deangelo for Tripping.
4:49 of 3rd period - Anze Kopitar wins face-off versus Charlie Coyle in Arizona Coyotes zone.
4:58 of 3rd period - Snap shot by Kirill Kaprizov.
4:58 of 3rd period - Deflect By Jared Spurgeon.
4:58 of 3rd period - Shot Misses the Net.
4:58 of 3rd period - Puck is out of play.
4:59 of 3rd period - Travis Konecny wins face-off versus Charlie Coyle in Arizona Coyotes zone.
5:08 of 3rd period - Snap shot by Kirill Kaprizov.
5:08 of 3rd period - Stopped by Carter Hart with a rebound.
5:10 of 3rd period - Snap shot by Travis Konecny.
5:10 of 3rd period - Goal by Travis Konecny - Tampa Bay Lightning : 2 - Arizona Coyotes : 4.
5:11 of 3rd period - Charlie Coyle wins face-off versus Kirill Kaprizov in neutral zone.
5:16 of 3rd period - Snap shot by Charlie Coyle.
5:16 of 3rd period - Stopped by Darcy Kuemper with a rebound.
5:18 of 3rd period - Snap shot by Mats Zuccarello.
5:18 of 3rd period - Stopped by Darcy Kuemper with a rebound.
5:22 of 3rd period - Slapshot by Tyler Seguin.
5:22 of 3rd period - Shot Misses the Net.
5:24 of 3rd period - Wrist shot by Mats Zuccarello.
5:24 of 3rd period - Stopped by Darcy Kuemper without a rebound.
5:25 of 3rd period - Charlie Coyle wins face-off versus Anze Kopitar in Tampa Bay Lightning zone.
5:32 of 3rd period - Snap shot by Jonathan Huberdeau.
5:32 of 3rd period - Shot Misses the Net.
5:34 of 3rd period - Slapshot by Anze Kopitar.
5:34 of 3rd period - Deflect By Kirill Kaprizov.
5:34 of 3rd period - Stopped by Carter Hart without a rebound.
5:35 of 3rd period - Charlie Coyle wins face-off versus Anze Kopitar in Arizona Coyotes zone.
5:42 of 3rd period - Snap shot by Tyler Seguin.
5:42 of 3rd period - Shot Misses the Net.
6:18 of 3rd period - Snap shot by Jonathan Huberdeau.
6:18 of 3rd period - Shot Blocked by Mats Zuccarello.
6:20 of 3rd period - Slapshot by Darnell Nurse.
6:20 of 3rd period - Stopped by Carter Hart with a rebound.
6:22 of 3rd period - Backhand shot by Anze Kopitar.
6:22 of 3rd period - Shot Misses the Net.
6:24 of 3rd period - Slapshot by Kirill Kaprizov.
6:24 of 3rd period - Goal by Kirill Kaprizov - Tampa Bay Lightning : 3 - Arizona Coyotes : 4.
6:25 of 3rd period - Mason McTavish wins face-off versus Roope Hintz in neutral zone.
6:32 of 3rd period - Slapshot by Mason McTavish.
6:32 of 3rd period - Stopped by Darcy Kuemper without a rebound.
6:33 of 3rd period - Roope Hintz wins face-off versus Mason McTavish in Tampa Bay Lightning zone.
6:50 of 3rd period - Minor Penalty to Moritz Seider for Slashing.
6:51 of 3rd period - Charlie Coyle wins face-off versus Jason Dickinson in Tampa Bay Lightning zone.
8:26 of 3rd period - Icing by Brayden McNabb.
8:27 of 3rd period - Tyler Seguin wins face-off versus Dylan Cozens in Arizona Coyotes zone.
8:50 of 3rd period - Penalty to Moritz Seider is over, Moritz Seider is back on ice.
9:21 of 3rd period - Icing by Ondrej Palat.
9:22 of 3rd period - Anze Kopitar wins face-off versus Ondrej Palat in Arizona Coyotes zone.
9:25 of 3rd period - Snap shot by Kirill Kaprizov.
9:25 of 3rd period - Stopped by Carter Hart with a rebound.
10:08 of 3rd period - Minor Penalty to Kirill Kaprizov for Roughing.
10:09 of 3rd period - Charlie Coyle wins face-off versus Jason Dickinson in Tampa Bay Lightning zone.
12:08 of 3rd period - Penalty to Kirill Kaprizov is over, Kirill Kaprizov is back on ice.
12:21 of 3rd period - Wrist shot by Travis Konecny.
12:21 of 3rd period - Shot Misses the Net.
12:31 of 3rd period - Jared Spurgeon is hit by Kirill Kaprizov and loses puck.
12:53 of 3rd period - Slapshot by Matt Dumba.
12:53 of 3rd period - Shot Hit the Post.
12:55 of 3rd period - Snap shot by Zach Parise.
12:55 of 3rd period - Deflect By Ryan Graves.
12:55 of 3rd period - Goal by Zach Parise - Tampa Bay Lightning : 3 - Arizona Coyotes : 5.
12:56 of 3rd period - Charlie Coyle wins face-off versus Johnny Gaudreau in neutral zone.
13:24 of 3rd period - Minor Penalty to Hampus Lindholm for Cross-checking.
13:25 of 3rd period - Charlie Coyle wins face-off versus Jason Dickinson in Tampa Bay Lightning zone.
13:28 of 3rd period - Snap shot by Mats Zuccarello.
13:28 of 3rd period - Stopped by Darcy Kuemper without a rebound.
13:29 of 3rd period - Jason Dickinson wins face-off versus Charlie Coyle in Tampa Bay Lightning zone.
13:42 of 3rd period - Snap shot by Dylan Cozens.
13:42 of 3rd period - Stopped by Carter Hart without a rebound.
13:43 of 3rd period - Charlie Coyle wins face-off versus Trevor Moore in Arizona Coyotes zone.
15:24 of 3rd period - Penalty to Hampus Lindholm is over, Hampus Lindholm is back on ice.
15:37 of 3rd period - TJ Brodie is hit by Ryan Donato and loses puck.
17:09 of 3rd period - Icing by Jason Dickinson.
17:10 of 3rd period - Jason Dickinson wins face-off versus Charlie Coyle in Tampa Bay Lightning zone.
17:26 of 3rd period - Zach Parise is hit by Tyler Toffoli.
17:36 of 3rd period - Mason McTavish is hit by Alexander Kerfoot and loses puck.
17:44 of 3rd period - Minor Penalty to Mason McTavish for Roughing.
17:45 of 3rd period - Roope Hintz wins face-off versus Tyler Seguin in Arizona Coyotes zone.
17:49 of 3rd period - Slapshot by Roope Hintz.
17:49 of 3rd period - Shot Blocked by Jared Spurgeon.
17:51 of 3rd period - Slapshot by Darnell Nurse.
17:51 of 3rd period - Shot Misses the Net.
17:53 of 3rd period - Wrist shot by Jonathan Huberdeau.
17:53 of 3rd period - Shot Blocked by Jani Hakanpaa.
17:55 of 3rd period - Snap shot by Jonathan Huberdeau.
17:55 of 3rd period - Shot Misses the Net.
17:57 of 3rd period - Wrist shot by Roope Hintz.
17:57 of 3rd period - Stopped by Carter Hart with a rebound.
18:01 of 3rd period - Wrist shot by Jonathan Huberdeau.
18:01 of 3rd period - Tampa Bay Lightning goal is going for a video replay.
18:01 of 3rd period - The goal is good.
18:01 of 3rd period - Goal by Jonathan Huberdeau - Tampa Bay Lightning : 4 - Arizona Coyotes : 5.
18:02 of 3rd period - Ross Colton wins face-off versus Dylan Cozens in neutral zone.
18:07 of 3rd period - Slapshot by Ross Colton.
18:07 of 3rd period - Stopped by Darcy Kuemper with a rebound.
18:09 of 3rd period - Snap shot by Ryan Donato.
18:09 of 3rd period - Deflect By Gustav Nyquist.
18:09 of 3rd period - Shot Misses the Net.
18:09 of 3rd period - Puck is out of play.
18:10 of 3rd period - Dylan Cozens wins face-off versus Ross Colton in Tampa Bay Lightning zone.
18:10 of 3rd period - Dylan Cozens is hit by Ross Colton.
18:36 of 3rd period - Wrist shot by Ross Colton.
18:36 of 3rd period - Stopped by Darcy Kuemper with a rebound.
18:38 of 3rd period - Slapshot by Ross Colton.
18:38 of 3rd period - Shot Blocked by Dylan Cozens.
18:40 of 3rd period - Wrist shot by Zach Parise.
18:40 of 3rd period - Stopped by Darcy Kuemper without a rebound.
18:41 of 3rd period - Jason Dickinson wins face-off versus Charlie Coyle in Tampa Bay Lightning zone.
18:47 of 3rd period - Hampus Lindholm is hit by Jani Hakanpaa and loses puck.
18:50 of 3rd period - Minor Penalty to Jani Hakanpaa for Hooking.
18:51 of 3rd period - Roope Hintz wins face-off versus Charlie Coyle in Arizona Coyotes zone.
18:52 of 3rd period - Tampa Bay Lightning, Darcy Kuemper is pulled from the net.
Goals for this period are 3 for Tampa Bay Lightning vs 2 for Arizona Coyotes.
Shots for this period are 9 for Tampa Bay Lightning vs 12 for Arizona Coyotes.
Back to the Top